General information
- name: BNet
- type: Ladder team game (AT/RT)
- host: Battle.net
- saver: HumanKingTomVIP
map: Deadlock
- players: 8
- length: 24:13
- speed: Fast
- version: 1.26 W3XP
- replay type: Public
» download(156 KB)
Players
team 1 (loser)
orc-boner (
teal | 46 APM | 1113 actions | 24:11)
5 Death Knight
3 Death Coil
2 Unholy Aura
3 Lich
2 Frost Nova
1 Frost Armor
» actions
| Basic commands | 17 | |
| Build / train | 70 | |
| Enter build submenu | 27 | |
| Enter hero's abilities submenu | 8 | |
| Give item / drop item | 2 | |
| Right click | 531 | |
| Select / deselect | 393 | |
| Use ability | 65 | |
1113 total
» units
| Acolyte | 16 | |
| Ghoul | 4 | |
| Crypt Fiend | 7 | |
| Obsidian Statue | 2 | |
| Frost Wyrm | 2 | |
| Gargoyle | 7 | |
| Chimaera | 1 | |
39 total
» upgrades
| Creature Attack | 3 | |
| Creature Carapace | 2 | |
| Web | 1 | |
6 total
» buildings
| Ziggurat | 12 | |
| Crypt | 3 | |
| Graveyard | 1 | |
| Altar of Darkness | 1 | |
| Tomb of Relics | 1 | |
| Nerubian Tower | 2 | |
| Halls of the Dead | 1 | |
| Spirit Tower | 4 | |
| Black Citadel | 1 | |
| Sacrificial Pit | 1 | |
| Slaughterhouse | 1 | |
| Boneyard | 2 | |
30 total
» build order
00:12 Ziggurat
00:16 Crypt
00:43 Graveyard
01:03 Altar of Darkness
01:32 Ziggurat
02:01 Tomb of Relics
02:07 Nerubian Tower
04:27 Ziggurat
04:56 Ziggurat
05:56 Halls of the Dead
07:18 Spirit Tower
08:34 Black Citadel
08:36 Sacrificial Pit
08:49 Ziggurat
08:51 Ziggurat
09:16 Slaughterhouse
10:20 Ziggurat
10:22 Ziggurat
11:18 Ziggurat
11:20 Ziggurat
12:49 Spirit Tower
13:15 Spirit Tower
13:18 Ziggurat
13:33 Boneyard
13:47 Boneyard
14:45 Spirit Tower
15:45 Ziggurat
17:33 Nerubian Tower
18:19 Crypt
18:41 Crypt
» items
| Rod of Necromancy | 1 | |
| Sacrificial Skull | 1 | |
| Scroll of Town Portal | 3 | |
| Orb of Corruption | 1 | |
6 total

»
StankyNuts (
green | 21 APM | 418 actions | 20:15)
2 Priestess of the Moon
1 Trueshot Aura
1 Searing Arrows
» actions
| Build / train | 56 | |
| Enter build submenu | 18 | |
| Enter hero's abilities submenu | 2 | |
| Remove unit from queue | 3 | |
| Right click | 139 | |
| Select / deselect | 179 | |
| Use ability | 21 | |
418 total
» units
» upgrades
| Strength of the Moon | 2 | |
| Moon Armor | 1 | |
| Strength of the Wild | 3 | |
| Reinforced Hides | 3 | |
| Corrosive Breath | 1 | |
10 total
» buildings
| Moon Well | 9 | |
| Altar of Elders | 1 | |
| Ancient of War | 1 | |
| Hunter's Hall | 1 | |
| Tree of Ages | 1 | |
| Tree of Life | 1 | |
| Ancient of Wind | 1 | |
| Tree of Eternity | 1 | |
| Chimaera Roost | 3 | |
19 total
» build order
00:09 Moon Well
00:11 Altar of Elders
01:12 Ancient of War
02:29 Hunter's Hall
02:51 Moon Well
04:01 Moon Well
04:36 Tree of Ages
05:27 Moon Well
06:47 Tree of Life
09:42 Ancient of Wind
09:53 Moon Well
10:20 Tree of Eternity
12:28 Moon Well
13:53 Chimaera Roost
13:56 Chimaera Roost
14:12 Chimaera Roost
14:56 Moon Well
15:02 Moon Well
15:10 Moon Well

»
instant.N00DLEZ (
yellow | 30 APM | 725 actions | 24:01)
5 Pit Lord
3 Rain of Fire
2 Cleaving Attack
» actions
| Build / train | 51 | |
| Enter build submenu | 18 | |
| Enter hero's abilities submenu | 5 | |
| Remove unit from queue | 3 | |
| Right click | 380 | |
| Select / deselect | 216 | |
| Use ability | 52 | |
725 total
» units
| Peasant | 11 | |
| Mortar Team | 6 | |
| Sorceress | 3 | |
| Flying Machine | 6 | |
26 total
» upgrades
| Gunpowder | 2 | |
| Lumber Harvesting | 1 | |
| Sorceress Training | 1 | |
| Flak Cannons | 1 | |
| Flying Machine Bombs | 1 | |
6 total
» buildings
| Altar of Kings | 1 | |
| Farm | 9 | |
| Lumber Mill | 1 | |
| Scout Tower | 2 | |
| Arcane Tower | 2 | |
| Arcane Vault | 1 | |
| Guard Tower | 1 | |
| Keep | 1 | |
| Blacksmith | 1 | |
| Arcane Sanctum | 1 | |
| Workshop | 2 | |
| Castle | 1 | |
23 total
» build order
00:10 Altar of Kings
00:16 Farm
00:26 Lumber Mill
00:54 Scout Tower
01:25 Arcane Tower
01:25 Arcane Tower
01:40 Farm
02:17 Arcane Vault
02:20 Scout Tower
02:55 Guard Tower
03:33 Keep
04:40 Blacksmith
04:44 Farm
05:47 Farm
06:15 Arcane Sanctum
06:21 Workshop
06:27 Workshop
06:48 Farm
07:28 Farm
08:34 Farm
09:15 Farm
11:06 Castle
14:59 Farm
» items
| Circlet of Nobility | 1 | |
| Scroll of Regeneration | 2 | |
| Lesser Clarity Potion | 1 | |
| Scroll of Town Portal | 1 | |
5 total
downloadingporn (
red | 48 APM | 1160 actions | 24:05)
6 Archmage
1 Summon Water Elemental
2 Brilliance Aura
2 Blizzard
1 Mass Teleport
» actions
| Assign group hotkey | 36 | |
| Basic commands | 97 | |
| Build / train | 109 | |
| Enter build submenu | 30 | |
| Enter hero's abilities submenu | 6 | |
| Right click | 282 | |
| Select / deselect | 272 | |
| Select group hotkey | 268 | |
| Use ability | 60 | |
1160 total
» units
| Peasant | 36 | |
| Gryphon Rider | 11 | |
| Priest | 3 | |
| Sorceress | 4 | |
| Hippogryph | 13 | |
67 total
» upgrades
| Swords | 3 | |
| Lumber Harvesting | 2 | |
| Masonry | 1 | |
| Armor | 3 | |
| Storm Hammers | 1 | |
| Priest Training | 2 | |
| Sorceress Training | 2 | |
| Gunpowder | 1 | |
15 total
» buildings
| Farm | 13 | |
| Altar of Kings | 1 | |
| Lumber Mill | 2 | |
| Arcane Vault | 1 | |
| Town Hall | 1 | |
| Keep | 1 | |
| Blacksmith | 1 | |
| Scout Tower | 6 | |
| Guard Tower | 5 | |
| Arcane Tower | 1 | |
| Castle | 1 | |
| Gryphon Aviary | 2 | |
| Arcane Sanctum | 1 | |
| Workshop | 1 | |
37 total
» build order
00:10 Farm
00:13 Altar of Kings
00:52 Farm
01:34 Lumber Mill
01:55 Arcane Vault
04:41 Town Hall
04:56 Farm
05:03 Keep
05:24 Lumber Mill
05:37 Blacksmith
06:05 Farm
06:53 Scout Tower
07:02 Scout Tower
07:14 Farm
07:22 Guard Tower
07:25 Scout Tower
07:29 Scout Tower
07:31 Arcane Tower
07:53 Guard Tower
07:58 Scout Tower
08:00 Guard Tower
08:02 Scout Tower
08:07 Farm
08:11 Castle
08:26 Guard Tower
08:32 Guard Tower
08:51 Farm
10:15 Gryphon Aviary
10:23 Gryphon Aviary
11:03 Arcane Sanctum
12:25 Farm
13:55 Farm
14:14 Farm
14:32 Farm
14:44 Farm
14:59 Farm
23:08 Workshop
» items
| Scroll of Regeneration | 3 | |
| Potion of Healing | 2 | |
| Potion of Mana | 1 | |
| Scroll of Town Portal | 5 | |
11 total
team 2 (winner)
Brex319 (
pink | 52 APM | 1266 actions | 24:11)
5 Demon Hunter
3 Mana Burn
2 Evasion
» actions
| Assign group hotkey | 64 | |
| Basic commands | 52 | |
| Build / train | 61 | |
| ESC pressed | 10 | |
| Enter build submenu | 17 | |
| Enter hero's abilities submenu | 5 | |
| Give item / drop item | 2 | |
| Remove unit from queue | 2 | |
| Right click | 283 | |
| Select / deselect | 412 | |
| Select group hotkey | 307 | |
| Use ability | 51 | |
1266 total
» units
| Wisp | 12 | |
| Archer | 4 | |
| Huntress | 8 | |
| Druid of the Claw | 14 | |
38 total
» upgrades
| Strength of the Moon | 1 | |
| Moon Armor | 1 | |
| Druid of the Claw Training | 2 | |
| Mark of the Claw | 1 | |
| Strength of the Wild | 3 | |
| Reinforced Hides | 2 | |
| Upgrade Moon Glaive | 1 | |
| Marksmanship | 1 | |
12 total
» buildings
| Altar of Elders | 1 | |
| Ancient of War | 1 | |
| Moon Well | 8 | |
| Hunter's Hall | 1 | |
| Tree of Ages | 1 | |
| Ancient of Lore | 2 | |
| Tree of Eternity | 1 | |
| Ancient of Wonders | 1 | |
| Tree of Life | 2 | |
18 total
» build order
00:12 Altar of Elders
00:17 Ancient of War
00:21 Moon Well
01:59 Hunter's Hall
02:48 Moon Well
03:13 Moon Well
04:34 Tree of Ages
07:46 Ancient of Lore
07:57 Ancient of Lore
08:08 Tree of Eternity
09:48 Moon Well
13:08 Moon Well
13:11 Moon Well
13:14 Moon Well
17:33 Ancient of Wonders
18:44 Tree of Life
22:00 Tree of Life
22:28 Moon Well
» items
HumanKingTomVIP (
orange | 75 APM | 1820 actions | 24:13)
10 Goblin Tinker
3 Pocket Factory
3 Engineering Upgrade
1 Robo-Goblin
3 Cluster Rockets
» actions
| Assign group hotkey | 88 | |
| Basic commands | 55 | |
| Build / train | 84 | |
| ESC pressed | 2 | |
| Enter build submenu | 42 | |
| Enter hero's abilities submenu | 10 | |
| Give item / drop item | 2 | |
| Remove unit from queue | 1 | |
| Right click | 609 | |
| Select / deselect | 246 | |
| Select group hotkey | 545 | |
| Use ability | 136 | |
1820 total
» units
| Peasant | 21 | |
| Footman | 5 | |
| Gryphon Rider | 5 | |
| Dragonhawk Rider | 3 | |
34 total
» upgrades
| Defend | 1 | |
| Swords | 3 | |
| Armor | 3 | |
| Magic Sentry | 1 | |
| Storm Hammers | 1 | |
| Masonry | 1 | |
| Animal War Training | 1 | |
| Cloud | 1 | |
12 total
» buildings
| Barracks | 3 | |
| Farm | 15 | |
| Altar of Kings | 1 | |
| Town Hall | 1 | |
| Scout Tower | 20 | |
| Arcane Tower | 2 | |
| Keep | 3 | |
| Blacksmith | 1 | |
| Arcane Vault | 1 | |
| Castle | 1 | |
| Lumber Mill | 1 | |
| Arcane Sanctum | 1 | |
| Gryphon Aviary | 4 | |
| Guard Tower | 2 | |
56 total
» build order
00:19 Barracks
00:25 Barracks
00:31 Farm
01:04 Farm
01:08 Altar of Kings
01:31 Farm
02:18 Farm
02:56 Farm
04:11 Town Hall
04:16 Scout Tower
04:45 Arcane Tower
05:23 Keep
05:24 Keep
05:42 Blacksmith
05:44 Arcane Vault
07:47 Castle
07:49 Lumber Mill
08:45 Arcane Sanctum
09:31 Gryphon Aviary
09:32 Gryphon Aviary
09:33 Gryphon Aviary
09:40 Gryphon Aviary
09:43 Farm
09:43 Farm
09:44 Farm
10:30 Scout Tower
10:32 Scout Tower
12:22 Arcane Tower
13:31 Farm
13:31 Farm
13:31 Farm
13:36 Barracks
13:37 Farm
13:38 Farm
13:38 Farm
16:25 Farm
21:55 Scout Tower
21:55 Scout Tower
21:55 Scout Tower
21:56 Scout Tower
21:56 Scout Tower
21:57 Scout Tower
21:57 Scout Tower
21:57 Scout Tower
21:59 Scout Tower
21:59 Scout Tower
22:00 Scout Tower
22:00 Scout Tower
22:20 Scout Tower
22:21 Scout Tower
22:21 Scout Tower
22:21 Scout Tower
22:31 Guard Tower
22:54 Guard Tower
» items
| Boots of Speed | 3 | |
| Staff of Teleportation | 1 | |
| Potion of Invisibility | 1 | |
| Dust of Appearance | 1 | |
| Scroll of Regeneration | 1 | |
| Lesser Clarity Potion | 2 | |
| Scroll of Town Portal | 4 | |
| Staff of Sanctuary | 1 | |
| Scroll of Speed | 1 | |
15 total
TynaciousT (
purple | 54 APM | 1308 actions | 24:11)
6 Blademaster
3 Wind Walk
2 Critical Strike
1 Bladestorm
» actions
| Assign group hotkey | 18 | |
| Build / train | 62 | |
| Enter build submenu | 29 | |
| Enter hero's abilities submenu | 6 | |
| Give item / drop item | 1 | |
| Remove unit from queue | 1 | |
| Right click | 490 | |
| Select / deselect | 430 | |
| Select group hotkey | 217 | |
| Use ability | 54 | |
1308 total
» units
| Peon | 10 | |
| Grunt | 7 | |
| Tauren | 6 | |
| Centaur Outrunner | 1 | |
| Shaman | 7 | |
| Troll Witch Doctor | 8 | |
| Spirit Walker | 1 | |
40 total
» upgrades
| Melee Weapons | 2 | |
| Armor | 1 | |
| Shaman Training | 2 | |
| Witch Doctor Training | 2 | |
| Spiked Barricades | 1 | |
| Pulverize | 1 | |
| Spirit Walker Training | 2 | |
11 total
» buildings
| Altar of Storms | 1 | |
| Orc Burrow | 9 | |
| Barracks | 1 | |
| War Mill | 1 | |
| Stronghold | 1 | |
| Watch Tower | 6 | |
| Fortress | 1 | |
| Great Hall | 1 | |
| Spirit Lodge | 2 | |
| Voodoo Lounge | 1 | |
| Tauren Totem | 2 | |
26 total
» build order
00:15 Altar of Storms
00:23 Orc Burrow
01:05 Barracks
01:13 Orc Burrow
01:49 War Mill
03:20 Stronghold
04:05 Orc Burrow
04:10 Orc Burrow
05:03 Orc Burrow
05:07 Watch Tower
05:41 Fortress
06:09 Great Hall
06:45 Watch Tower
06:50 Spirit Lodge
07:33 Voodoo Lounge
07:59 Spirit Lodge
09:04 Tauren Totem
10:20 Tauren Totem
11:39 Orc Burrow
12:53 Watch Tower
14:30 Orc Burrow
16:22 Orc Burrow
17:01 Watch Tower
17:46 Watch Tower
19:16 Watch Tower
20:32 Orc Burrow
» items

»
zuluqueen (
blue | 36 APM | 870 actions | 24:11)
4 Priestess of the Moon
2 Searing Arrows
2 Trueshot Aura
» actions
| Assign group hotkey | 12 | |
| Basic commands | 20 | |
| Build / train | 82 | |
| Enter build submenu | 23 | |
| Enter hero's abilities submenu | 4 | |
| Right click | 325 | |
| Select / deselect | 166 | |
| Select group hotkey | 211 | |
| Use ability | 27 | |
870 total
» units
| Wisp | 28 | |
| Archer | 6 | |
| Dryad | 19 | |
| Faerie Dragon | 10 | |
63 total
» upgrades
| Strength of the Wild | 3 | |
| Strength of the Moon | 1 | |
| Moon Armor | 1 | |
| Improved Bows | 1 | |
| Reinforced Hides | 3 | |
| Abolish Magic | 1 | |
| Marksmanship | 1 | |
| Well Spring | 1 | |
12 total
» buildings
| Moon Well | 8 | |
| Altar of Elders | 1 | |
| Ancient of War | 2 | |
| Tree of Ages | 1 | |
| Hunter's Hall | 1 | |
| Ancient of Wonders | 1 | |
| Ancient of Lore | 2 | |
| Tree of Life | 2 | |
| Ancient Protector | 3 | |
| Ancient of Wind | 2 | |
| Tree of Eternity | 1 | |
24 total
» build order
00:08 Moon Well
00:12 Altar of Elders
01:21 Moon Well
01:50 Ancient of War
02:06 Ancient of War
02:26 Moon Well
03:19 Tree of Ages
03:33 Hunter's Hall
05:28 Moon Well
06:43 Moon Well
07:28 Ancient of Wonders
07:34 Ancient of Lore
07:41 Ancient of Lore
07:47 Moon Well
08:01 Tree of Life
09:20 Ancient Protector
09:26 Ancient Protector
09:32 Ancient Protector
09:55 Ancient of Wind
10:27 Ancient of Wind
13:54 Moon Well
13:58 Tree of Eternity
15:12 Moon Well
23:57 Tree of Life
Chat log
(00:27 / Allies) Brex319: hey team
(00:28 / Allies) Brex319: units?
(00:45 / Allies) TynaciousT: grunts to casters/tauren?
(00:46 / Allies) zuluqueen: dryads and air
(00:57 / Allies) Brex319: hunts to bears
(05:47 / Allies) zuluqueen: coem purple
(05:50 / Allies) TynaciousT: ight
(06:25 / Allies) HumanKingTomVIP: HOLY SHIT
(07:33 / Allies) Brex319: some help would be nice
(07:35 / Allies) Brex319: nvm
(08:42 / All) HumanKingTomVIP: invis morts huh?
(08:50 / Allies) HumanKingTomVIP: wood pls
(09:09 / Allies) HumanKingTomVIP: yellow is going invsi morts
(09:20 / Allies) Brex319: should we hit him?
(09:24 / Allies) HumanKingTomVIP: ...
(09:25 / Allies) HumanKingTomVIP: l2p man
(09:30 / Allies) Brex319: ?
(10:08 / Allies) HumanKingTomVIP: wood pls
(10:16 / Allies) HumanKingTomVIP: 500 wood please
(10:24 / Allies) HumanKingTomVIP: 400 more
(10:28 / Allies) Brex319: wut r u getting?
(11:07 / Allies) HumanKingTomVIP: wood pls
(11:08 / Allies) HumanKingTomVIP: 300 wood pls
(11:13 / Allies) Brex319: wtf r u gettin?
(11:16 / Allies) HumanKingTomVIP: air
(11:27 / Allies) Brex319: gryphs?
(11:48 / Allies) Brex319: ask blu
(12:01 / Allies) Brex319: i need help
(12:03 / Allies) Brex319: fuck
(12:10 / Allies) Brex319: im gettin hit by teal
(12:54 / Allies) Brex319: ty blu
(13:42 / Allies) zuluqueen: max war mill
(13:43 / Allies) HumanKingTomVIP: 600 wood please
(13:51 / Allies) Brex319: 600?
(14:00 / Allies) TynaciousT: 100 lumber plz
(14:31 / Allies) Brex319: omw blu
(14:43 / Allies) Brex319: lets hit teal
(14:49 / Allies) zuluqueen: get yell
(15:03 / Allies) zuluqueen: get yello
(15:39 / Allies) TynaciousT: greens going chimes
(16:03 / Allies) Brex319: no aa blu?
(16:31 / Allies) Brex319: blu
(16:42 / Allies) Brex319: control ur units
(16:46 / Allies) Brex319: ur sending them to die
(17:23 / Allies) zuluqueen: they got chims, frostie and airplane
(17:38 / Allies) Brex319: u guys r fuckin retarded
(17:40 / Allies) Brex319: we need to attk
(17:48 / Allies) Brex319: im gettin atkd around the clock
(18:05 / Allies) Brex319: now oj wants to fuckin help
(18:18 / Allies) HumanKingTomVIP: are u kiddin gturd?
(18:21 / Allies) HumanKingTomVIP: io carried you to a win
(18:24 / Allies) HumanKingTomVIP: u should kiss my foot
(18:34 / Allies) Brex319: lets get this wi
(18:35 / Allies) Brex319: win
(19:26 / Allies) Brex319: who we hittin?
(19:29 / Allies) Brex319: we need to hit together
(19:53 / Allies) Brex319: i got no aa
(20:17 / Allies) TynaciousT: scrub
(20:28 / Allies) TynaciousT: ty
(20:37 / Allies) Brex319: hit green
(20:38 / Allies) Brex319: or red
(20:39 / Allies) Brex319: now
(20:40 / Allies) Brex319: now
(20:40 / Allies) Brex319: now
(20:43 / Allies) HumanKingTomVIP: stfu noob
(20:44 / Allies) HumanKingTomVIP: leave
(20:47 / Allies) Brex319: u stfu
(20:56 / Allies) Brex319: takin forever to get fuckin gryphs
(21:02 / Allies) HumanKingTomVIP: youre a moron
(21:08 / Allies) HumanKingTomVIP: i took one of htem out of the game before you left your base
(21:16 / Allies) Brex319: who?
(21:22 / Allies) HumanKingTomVIP: youre clueless
(21:22 / Allies) HumanKingTomVIP: leave
(21:24 / Allies) HumanKingTomVIP: dumb archer noob
(21:28 / Allies) zuluqueen: help pink
(21:31 / Allies) Brex319: i have bears dumbass
(21:40 / Allies) HumanKingTomVIP: idc what you have
(21:45 / Allies) HumanKingTomVIP: youre a noob that cant keep his archers alive
(21:45 / Allies) Brex319: shouldnt have tp'd blu
(21:52 / Allies) Brex319: i dont have archers
(21:53 / Allies) zuluqueen: i mean the rest of us
(21:55 / Allies) Brex319: wtf r u on?
(22:04 / Allies) HumanKingTomVIP: yeah you lost htem all
(22:12 / Allies) Brex319: i never had them\
(22:17 / Allies) Brex319: went hunts out the gate
(22:36 / Allies) Brex319: tauren purp
(22:46 / Allies) TynaciousT: ty
(24:06 / Allies) Brex319: teamwork